 Dungeon Crawl Stone Soup version 0.31-a0-865-g3d5d91748a (webtiles) character file.

Game seed: 17822451460594104510

52 ytrimaz the Insei (level 3, -3/23 HPs)
             Began as an Octopode Shapeshifter on Oct 10, 2023.
             Slain by Grinder (7 damage)
             ... while paralysed by Grinder
             ... on level 3 of the Dungeon.
             The game lasted 00:01:54 (1593 turns).

ytrimaz the Insei (Octopode Shapeshifter)           Turns: 1593, Time: 00:01:54

Health: -3/23      AC:  1    Str: 13    XL:     3   Next: 85%
Magic:  3/3        EV:  2    Int: 12    God:
Gold:   68         SH:  0    Dex: 13    Spells: 2/2 levels left

rFire   . .          .
                       - Unarmed
rCold   . . .        (no shield)
rNeg    . . .        (helmet currently unavailable)
rPois   .            (no amulet)
rElec   .            h - +4 ring of slaying
rCorr   .            j - +5 ring of evasion
SInv    .            (no ring)
Will    .....        (no ring)
Stlth   +++          (no ring)
HPRegen 0.23/turn    (no ring)
MPRegen 0.08/turn    (no ring)
                     (no ring)

%: no passive effects
@: paralysed, beast-form
A: beast (slay +1), almost no armour, amphibious, 8 rings, camouflage 1,
gelatinous body 1, (nimble swimmer 1), tentacles
a: Begin Untransformation


You were on level 3 of the Dungeon.
You were a hulking beast.
You visited 1 branch of the dungeon, and saw 3 of its levels.

You collected 68 gold pieces.


Innate Abilities, Weirdness & Mutations

You are a hulking beast.
Your limbs bulge with bestial killing power. (Slay +1)
You cannot wear most types of armour.
You are amphibious.
You can wear up to eight rings at the same time.
Your skin changes colour to match your surroundings (Stealth+).
Your rubbery body absorbs attacks. (AC +1, EV +1)
((You are camouflaged when in or above water. (Stealth+)))
You have tentacles for arms and can constrict up to eight enemies at once.


   Skills:
 - Level 1.0 Fighting
 + Level 2.7 Dodging
 * Level 2.8 Stealth
 + Level 3.4 Unarmed Combat
 - Level 3.1 Shapeshifting


You had 2 spell levels left.
You didn't know any spells.
Your spell library contained the following spells:

 Spells                   Type           Power      Damage    Failure   Level
 Kiss of Death            Conj/Necr      0%         2d5       32%         1
 Confusing Touch          Hex            0%         N/A       69%         3
 Dispel Undead            Necr           0%         3d6       97%         4

Inventory:

Jewellery
 h - a +4 ring of slaying (left tentacle)
   (You found it on level 1 of the Dungeon)
 j - a +5 ring of evasion (right tentacle)
   (You found it on level 1 of the Dungeon)
 m - a ring of wizardry
   (You found it on level 1 of the Dungeon)
Talismans
 b - a beast talisman (active)
 c - a flux talisman
Scrolls
 e - 2 scrolls of fear
 f - a scroll of vulnerability
 k - a scroll of revelation
 n - a scroll of poison {unknown}
 o - a scroll of brand weapon {unknown}
 r - a scroll of amnesia {unknown}
Potions
 a - 3 potions of lignification
 d - 2 potions of brilliance
 l - a potion of haste {unknown}
 p - a potion of ambrosia {unknown}
 q - a potion of attraction {unknown}

Dungeon Overview and Level Annotations

Branches:
Dungeon (3/15) Zot: 16411

Altars:
Uskayaw
Wu Jian

Annotations:
D:3 Grinder

#.....ยง.....
...........#
...........# .
...........####
........)........
...#.............
..)..####)##.###.
..:...###5#..#
........h..<# #
....>..##..## .#
........##.#####.#
#.#####.##...#...#
#.# #.####...#.#
#.# #.###...##.#
#.# #.....#.##.+
#.# ####....##.+
#.# ###....##....#


You could see Grinder.


Message History

A kobold is nearby!
Unknown command.
A kobold is nearby!
Found a stone staircase leading up.
You see here a flux talisman.
A kobold is nearby!
A kobold is nearby!
The helpless kobold fails to defend itself.
You tentacle-slap the kobold.
You kill the kobold!
No target in view!
Unknown command.
No target in view!
Things that are here:
a +0 short sword; a kobold corpse You now have 68 gold pieces (gained 11).
Key pressed, stopping explore.
No target in view!
There is a stone staircase leading up here.
Key pressed, stopping explore.
No target in view!
An endoplasm comes into view.
An endoplasm is nearby!
An endoplasm is nearby!
An endoplasm is nearby!
An endoplasm is nearby!
An endoplasm is nearby!
An endoplasm is nearby!
The helpless endoplasm fails to defend itself.
You bludgeon the endoplasm!
You kill the endoplasm!
No target in view!
Unknown command.
Key pressed, stopping explore.
No target in view!
Found an escape hatch in the ceiling.
No target in view!
A bat comes into view.
A goblin comes into view. It is wielding a +0 club.
The bat moves out of view.
Found a stone staircase leading down.
A goblin is nearby!
A kobold comes into view. It is wielding a +0 dagger.
There are monsters nearby!
A dart slug comes into view.
Grinder and a hobgoblin come into view.
Grinder shouts!
The goblin shouts!
The bat closely misses you.
The hobgoblin shouts!
The bat hits you. The bat hits you but does no damage. The bat misses you.
Grinder blinks! ๐Ÿ˜• HP[-1]
You take 1 damage, and now have 22/23 hp.
The bat misses you. ๐Ÿ˜Ž HP[+1]
Your hp is fully restored (23).
You completely miss the bat. You grab the bat. You squeeze the bat.
You kill the bat!
Unknown command.
You bludgeon the goblin!
You kill the goblin!
You tentacle-slap the dart slug. You grab the dart slug.
You squeeze the dart slug!
You kill the dart slug!
Grinder blinks!
The hobgoblin completely misses you.
You see here a +0 club.
You tentacle-slap the hobgoblin. You grab the hobgoblin.
You constrict the hobgoblin, but do no damage.
The hobgoblin barely misses you.
Unknown command.
You bludgeon the hobgoblin!
You kill the hobgoblin!
Grinder blinks!
You tentacle-slap the kobold.
You kill the kobold!
No target in view!
You start waiting.
Grinder is nearby!
Unknown command.
Grinder gestures at you.
Pain shoots through your body! ๐Ÿ˜ฎ HP[-10]
You take 10 damage, and now have 13/23 hp.
MASSIVE DAMAGE!! (PAUSE)
You tentacle-slap Grinder but do no damage.
You grab Grinder. You constrict Grinder. Grinder closely misses you.
You tentacle-slap Grinder. You constrict Grinder.
Unknown command.
You bludgeon Grinder! You constrict Grinder. Grinder gestures at you.
You suddenly lose the ability to move!
You lose your grip on Grinder.
Grinder barely misses you. Grinder hits you.
* * * LOW HITPOINT WARNING * * *
You writhe in agony.
* * * LOW HITPOINT WARNING * * *
Grinder hits you!
You die...
Grinder says, "Now the real fun starts!"

Skill      XL: |  1  2 |
---------------+-------+-----
Stealth        | 2 |  2.8
Fighting       | |  1.0
Dodging        | |  2.7
Unarmed Combat | |  3.4
Shapeshifting  | |  3.1

Action                     || total
---------------------------++-------
  Melee: Unarmed           ||    51
         Constrict         ||    14
         Tentacles         ||     7
         Punch             ||     1
    Use: Scroll            ||     5
   Stab: Sleeping          ||     9
 Armour: Skin              ||    14
  Dodge: Dodged            ||    35

Levels and vault maps discovered:
D:1:      mrwooster_arrival_statue_3, layout_loops_corners
D:2:      layout_loops_ring, basic_altar, minmay_misc_feat_columns,
          kennysheep_doodads
D:3:      kennysheep_big_flooded_room, layout_rooms, mainiacjoe_overflow_paths,
          nicolae_uskayaw_murder_on_the_dancefloor,
          dreamdust_ecumenical_altar_statues, uniq_grinder

Notes
Turn   | Place    | Note
-------+----------+-------------------------------------------
     0 | D:1      | ytrimaz the Octopode Shapeshifter began the quest for the
                  | Orb.
     0 | D:1      | Reached XP level 1. HP: 13/13 MP: 1/1
     0 | D:1      | magus.rc [v1.9.6]
   253 | D:1      | Reached XP level 2. HP: 18/18 MP: 2/2
   523 | D:1      | Reached skill level 1 in Stealth
   838 | D:2      | Reached skill level 2 in Stealth
   838 | D:2      | Reached XP level 3. HP: 23/23 MP: 3/3
   912 | D:2      | Found an ornate altar of the Wu Jian Council.
  1076 | D:2      | You pick up a book of Touch and begin reading...
  1076 | D:2      | You add the spells Kiss of Death, Confusing Touch and
                  | Dispel Undead to your library.
  1433 | D:3      | Found a hide-covered altar of Uskayaw.
  1566 | D:3      | Noticed Grinder
  1590 | D:3      | Paralysed by Grinder for 3 turns
  1592 | D:3      | HP: 4/23 [Grinder (6)]
  1593 | D:3      | Slain by Grinder

Vanquished Creatures
  An adder (D:2)
  A dart slug (D:3)
  2 ball pythons (D:1)
  2 bats
  3 endoplasms
  2 giant cockroaches
  5 goblins
  7 hobgoblins
  A quokka (D:2)
  2 frilled lizards
  7 kobolds
  3 rats (D:1)
36 creatures vanquished.

Table legend:
 A = Non-vault XP
 B = Vault XP
 C = Vault XP percentage of total XP
 D = Non-vault monster count
 E = Vault monster count
 F = Vault count percentage of total count
                 A         B        C        D         E       F
            +---------+---------+-------+---------+---------+-------
      Total |      75 |       0 |   0.0 |      36 |       0 |   0.0
            +---------+---------+-------+---------+---------+-------
        D:1 |      27 |       0 |   0.0 |      17 |       0 |   0.0
        D:2 |      28 |       0 |   0.0 |       9 |       0 |   0.0
        D:3 |      20 |       0 |   0.0 |      10 |       0 |   0.0
            +---------+---------+-------+---------+---------+-------

Skill      XL: |  1  2 |
---------------+-------+-----
Stealth        | 2 |  2.8
Fighting       | |  1.0
Dodging        | |  2.7
Unarmed Combat | |  3.4
Shapeshifting  | |  3.1

Action                     || total
---------------------------++-------
  Melee: Unarmed           ||    51
         Constrict         ||    14
         Tentacles         ||     7
         Punch             ||     1
    Use: Scroll            ||     5
   Stab: Sleeping          ||     9
 Armour: Skin              ||    14
  Dodge: Dodged            ||    35

Illustrated notes

Table legend:
 A = Kills in this place as a percentage of kills in the entire game.
 B = Kills by you in this place as a percentage of kills by you in the entire game.
 C = Kills by friends in this place as a percentage of kills by friends in the entire game.
 D = Other kills in this place as a percentage of other kills in the entire game.
 E = Experience gained in this place as a percentage of experience gained in the entire game.
 F = Experience gained in this place divided by the number of levels of this place that you have seen.
                   A       B       C       D       E      F
               +-------+-------+-------+-------+-------+----------------------
         Total | 100.0 | 100.0 |   N/A |   N/A | 100.0 |  25.0
       Dungeon | 100.0 | 100.0 |   N/A |   N/A | 100.0 |  25.0
               +-------+-------+-------+-------+-------+----------------------

Table legend: (Time is in decaauts)
 A = Elapsed time spent in this place.
 B = Non-inter-level travel time spent in this place.
 C = Inter-level travel time spent in this place.
 D = Time resting spent in this place.
 E = Time spent auto-exploring this place.
 F = Levels seen in this place.
 G = Mean time per level.
                   A        B        C        D        E       F      G
               +--------+--------+--------+--------+--------+-----+--------+
         Total |   1588 |   1544 |     44 |      7 |   1291 |   3 |  529.3 |
       Dungeon |   1588 |   1544 |     44 |      7 |   1291 |   3 |  529.3 |
               +--------+--------+--------+--------+--------+-----+--------+

Top non-repeatable levels by time:
     D:1: 818 daAuts
     D:2: 589 daAuts
     D:3: 179 daAuts
